 Dungeon Crawl Stone Soup version 0.29.1-1-gd02db6906a (webtiles) character file.

Game seed: 8970791365272358720

243 funnyparkerb the Nimble (level 6, 0/47 HPs)
             Began as a Gnoll Wanderer on Oct 18, 2022.
             Constricted to death by a ball python (1 damage)
             ... on level 4 of the Dungeon.
             The game lasted 00:07:20 (3999 turns).

funnyparkerb the Nimble (Gnoll Wanderer)            Turns: 3999, Time: 00:07:20

Health: 0/47       AC: 14    Str: 10    XL:     6   Next: 9%
Magic:  1/11       EV: 13    Int: 10    God:
Gold:   168        SH:  0    Dex: 16    Spells: 9/11 levels left

rFire   . . .      SeeInvis .   q - +0 rapier
rCold   . . .      Faith    .   (no shield)
rNeg    . . .      Spirit   .   d - +2 leather armour
rPois   .          Reflect  .   u - +0 helmet
rElec   .          Harm     .   (no cloak)
rCorr   .          Rampage  .   (no gloves)
Will    .....                   (no boots)
Stlth   ++........              (no amulet)
HPRegen 0.15/turn               g - +4 ring of protection
MPRegen 0.12/turn               a - +4 ring of protection

@: constricted
A: fangs 1, strong nose, distributed training
a: no special abilities


You were on level 4 of the Dungeon.
You visited 1 branch of the dungeon, and saw 5 of its levels.

You collected 168 gold pieces.

Inventory:

Hand Weapons
 q - a +0 rapier (weapon)
Armour
 d - a +2 leather armour (worn)
 u - a +0 helmet (worn)
Jewellery
 a - a +4 ring of protection (right hand)
 g - a +4 ring of protection (left hand)
 v - a ring of resist corrosion
Wands
 j - a wand of paralysis (1)
Scrolls
 e - 3 scrolls of identify {unknown}
 i - 2 scrolls of poison {unknown}
 k - a scroll of immolation {unknown}
 l - a scroll of enchant weapon {unknown}
 m - a scroll of fear {unknown}
 o - a scroll of butterflies {unknown}
 r - a scroll of vulnerability {unknown}
Potions
 b - 6 potions of curing
 c - a potion of berserk rage
 f - 2 potions of cancellation {unknown}
 h - a potion of heal wounds {unknown}
 n - 2 potions of lignification {unknown}
 p - a potion of attraction {unknown}
 s - 2 potions of brilliance {unknown}
 t - a potion of magic {unknown}


   Skills:
 + Level 3.2 Fighting
 + Level 1.9 Short Blades
 + Level 1.9 Long Blades
 + Level 1.9 Axes
 + Level 1.9 Maces & Flails
 + Level 1.9 Polearms
 + Level 1.9 Staves
 + Level 1.9 Ranged Weapons
 + Level 1.9 Throwing
 + Level 3.2 Armour
 + Level 8.7 Dodging
 + Level 1.9 Stealth
 + Level 1.9 Shields
 + Level 1.9 Unarmed Combat
 + Level 3.4 Spellcasting
 + Level 4.1 Conjurations
 + Level 1.5 Hexes
 + Level 1.5 Summonings
 + Level 1.5 Necromancy
 + Level 1.5 Translocations
 + Level 1.5 Transmutations
 + Level 1.5 Fire Magic
 + Level 1.5 Ice Magic
 + Level 1.5 Air Magic
 + Level 1.5 Earth Magic
 + Level 1.5 Poison Magic
 + Level 2.1 Invocations
 + Level 3.2 Evocations


You had 9 spell levels left.
You knew the following spells:

 Your Spells              Type           Power      Damage    Failure   Level
a - Magic Dart            Conj           36%        1d4       7%          1
b - Summon Small Mammal   Summ           16%        N/A       19%         1

Your spell library contained the following spells:

 Spells                   Type           Power      Damage    Failure   Level
 Apportation              Tloc           8%         N/A       19%         1
 Conjure Flame            Conj/Fire      7%         6-21      34%         3
 Call Canine Familiar     Summ           4%         N/A       50%         3
 Inner Flame              Hex/Fire       4%         N/A       50%         3
 Summon Guardian Golem    Hex/Summ       4%         N/A       50%         3
 Cause Fear               Hex            2%         N/A       88%         4
 Alistair's Intoxication  Tmut/Pois      2%         N/A       99%         5
 Discord                  Hex            2%         N/A       100%        8


Dungeon Overview and Level Annotations

Branches:
Dungeon (5/15)
 Temple: D:4-7

Altars:
Fedhas
Kikubaaqudgha
Nemelex Xobeh
Vehumet
Yredelemnul


Innate Abilities, Weirdness & Mutations

You have very sharp teeth.
Your uncanny sense of smell can sniff out nearby items.
Your experience applies equally to all skills.


Message History

* * * LOW HITPOINT WARNING * * *
The ball python constricts you.
You closely miss the iguana.
The iguana is severely wounded.
The giant cockroach bites you but does no damage.
The giant cockroach barely misses you.
The giant cockroach splashes around in the water.
The ball python barely misses you. The ball python constricts you.
The iguana bites you.
* * * LOW HITPOINT WARNING * * *
The giant cockroach bites you but does no damage.
The giant cockroach closely misses you.
You completely miss the iguana.
The iguana is severely wounded.
The giant cockroach bites you but does no damage.
The ball python bites you.
* * * LOW HITPOINT WARNING * * *
The ball python constricts you.
The iguana splashes around in the water.
The giant cockroach bites you but does no damage.
The giant cockroach splashes around in the water.
The giant cockroach barely misses you.
The ball python bites you but does no damage.
The ball python constricts you.
You hit the iguana.
The iguana is almost dead.
The giant cockroach barely misses you. x2
The giant cockroach splashes around in the water.
The iguana bites you.
* * * LOW HITPOINT WARNING * * *
The ball python misses you. The ball python constricts you.
You closely miss the iguana.
The iguana is almost dead.
The giant cockroach completely misses you.
The giant cockroach closely misses you.
The giant cockroach waves its antennae.
The giant cockroach barely misses you.
The iguana splashes around in the water.
The ball python closely misses you. The ball python constricts you.
You die...

......####..# #
#.......# ## #..###..##
##.
######..####..#####..
#........##..........
...#.######.............
.... #~~~~#.#.......#...
.....#~BB~#........##...
.....#~@lr#........#....
#....#~BS~#.............
#....#~~~~'....?....#...
. ..######........#####
................ #
.##.........!...
#...........#. #
##..l.......# #
#....###..## ..


You could see an iguana, a river rat, 3 giant cockroaches and a ball python.

Vanquished Creatures
  A scorpion (D:4)
  A hound (D:4)
  4 gnolls (D:2)
  5 adders
  A worm (D:3)
  A dart slug (D:1)
  3 orcs
  6 endoplasms
  A giant cockroach (D:1)
  5 goblins
  3 hobgoblins (D:2)
  5 jackals
  4 quokkas
  8 ball pythons
  7 bats
  5 frilled lizards
  5 kobolds
  5 rats
70 creatures vanquished.

Vanquished Creatures (collateral kills)
  A ball python (D:4)
1 creature vanquished.

Grand Total: 71 creatures vanquished

Notes
Turn   | Place    | Note
-------+----------+-------------------------------------------
     0 | D:1      | funnyparkerb the Gnoll Wanderer began the quest for the
                  | Orb.
     0 | D:1      | funnyparkerb set off with the following items: a +0 dagger,
                  | a potion of curing, a potion of berserk rage, a +2 leather
                  | armour; and the following spell memorised: Magic Dart; and
                  | the following spells available to memorise: Conjure Flame.
     0 | D:1      | Reached XP level 1. HP: 17/17 MP: 4/4
   318 | D:1      | Reached XP level 2. HP: 22/23 MP: 0/5
   835 | D:1      | Reached XP level 3. HP: 28/28 MP: 4/7
  1231 | D:2      | Reached skill level 1 in Invocations
  1411 | D:2      | Reached skill level 1 in Short Blades
  1411 | D:2      | Reached skill level 1 in Long Blades
  1411 | D:2      | Reached skill level 1 in Axes
  1411 | D:2      | Reached skill level 1 in Maces & Flails
  1411 | D:2      | Reached skill level 1 in Polearms
  1411 | D:2      | Reached skill level 1 in Staves
  1411 | D:2      | Reached skill level 1 in Ranged Weapons
  1411 | D:2      | Reached skill level 1 in Throwing
  1411 | D:2      | Reached skill level 1 in Stealth
  1411 | D:2      | Reached skill level 1 in Shields
  1411 | D:2      | Reached skill level 1 in Unarmed Combat
  1541 | D:2      | Reached XP level 4. HP: 34/34 MP: 2/8
  1564 | D:2      | Reached skill level 1 in Hexes
  1564 | D:2      | Reached skill level 1 in Summonings
  1564 | D:2      | Reached skill level 1 in Necromancy
  1564 | D:2      | Reached skill level 1 in Translocations
  1564 | D:2      | Reached skill level 1 in Transmutations
  1564 | D:2      | Reached skill level 1 in Fire Magic
  1564 | D:2      | Reached skill level 1 in Ice Magic
  1564 | D:2      | Reached skill level 1 in Air Magic
  1564 | D:2      | Reached skill level 1 in Earth Magic
  1564 | D:2      | Reached skill level 1 in Poison Magic
  1842 | D:2      | Found a faded altar of an unknown god.
  2140 | D:3      | Reached XP level 5. HP: 40/40 MP: 1/9
  2542 | D:3      | Found a sparkling altar of Nemelex Xobeh.
  2598 | D:3      | Found a blossoming altar of Fedhas.
  2948 | D:3      | Found a basalt altar of Yredelemnul.
  2950 | D:3      | Found an ancient bone altar of Kikubaaqudgha.
  2952 | D:3      | Found a radiant altar of Vehumet.
  3276 | D:5      | Entered Level 5 of the Dungeon
  3506 | D:4      | Reached XP level 6. HP: 13/47 MP: 9/11
  3842 | D:4      | Found a glowing drain.
  3916 | D:4      | Learned a level 1 spell: Summon Small Mammal
  3998 | D:4      | HP: 1/47 [iguana (6)]
  3999 | D:4      | Constricted to death by a ball python

Illustrated notes

Levels and vault maps discovered:
D:1:      spicycebolla_arrival_transporter_tutorial, layout_basic
D:2:      layout_rooms, shapermc_ecumenical_altar_starsandcircs,
          nicolae_concentric_dashed_squares_wild, st_stairs_9
D:3:      layout_loops_ring, mainiacjoe_overflow_catch_the_wave,
          grunt_temple_overflow_diamond, fountainhead
D:4:      layout_layer_cave, portal_sewer_entry_c
D:5:      layout_rooms, minmay_temple_entry_from_below_a,
          kennysheep_generic_room_12

Skill      XL: |  1  2  3  4  5 |
---------------+----------------+-----
Invocations    | 1 2 |  2.1
Short Blades   | 1 |  1.9
Long Blades    | 1 |  1.9
Axes           | 1 |  1.9
Maces & Flails | 1 |  1.9
Polearms       | 1 |  1.9
Staves         | 1 |  1.9
Ranged Weapons | 1 |  1.9
Throwing       | 1 |  1.9
Stealth        | 1 |  1.9
Shields        | 1 |  1.9
Unarmed Combat | 1 |  1.9
Spellcasting   | 3 |  3.4
Hexes          | 1 |  1.5
Summonings     | 1 |  1.5
Necromancy     | 1 |  1.5
Translocations | 1 |  1.5
Transmutations | 1 |  1.5
Fire Magic     | 1 |  1.5
Ice Magic      | 1 |  1.5
Air Magic      | 1 |  1.5
Earth Magic    | 1 |  1.5
Poison Magic   | 1 |  1.5
Fighting       | 3 |  3.2
Armour         | 3 |  3.2
Evocations     | 3 |  3.2
Conjurations   | 4 |  4.1
Dodging        | |  8.7

Action                   |  1- 3 |  4- 6 || total
-------------------------+-------+-------++-------
Melee: Dagger            |    65 |    34 ||    99
       Bite              |     6 |    19 ||    25
       Rapier            |       |   102 ||   102
       Punch             |       |     1 ||     1
 Cast: Magic Dart        |    70 |    69 ||   139
       Summon Small Mamm |       |     2 ||     2
Armor: Leather armour    |    27 |   119 ||   146
Dodge: Dodged            |    70 |   329 ||   399
